[Event "January 2 Early 2024"]
[Site "https://www.chess.com"]
[Date "2024.01.02"]
[Round "4"]
[White "Andersson, Bjorn 1960"]
[Black "Weetik, Vjacheslav"]
[Result "0-1"]
[Board "91"]
[TimeControl "180+1"]
[WhiteFideId "1700545"]
[BlackFideId "4153472"]
[WhiteElo "2391"]
[BlackElo "2678"]
[WhiteTeam "SWE"]
[BlackTeam "RUS"]
[WhiteClock "0:00:15"]
[BlackClock "0:01:11"]

1. e4 c6 2. d4 d5 3. exd5 cxd5 4. Bd3 Nf6 5. c3 Bg4 6. Qb3 Qc7 7. f3 Bd7 8. Ne2 Nc6 9. Bf4 e5 10. dxe5 Nxe5 11. Bb5 Bd6 12. Bxd7+ Qxd7 13. O-O O-O 14. Nd4 Rfe8 15. Nd2 Bc5 16. Kh1 Nd3 17. Bg3 Nh5 18. Rad1 Nxg3+ 19. hxg3 Qd6 20. Qc2 Qh6+ 21. Kg1 Qe3+ 22. Kh2 Re6 23. Qxd3 Rh6# 0-1

[Event "January 2 Early 2024"]
[Site "https://www.chess.com"]
[Date "2024.01.02"]
[Round "4"]
[White "Csonka, Balazs"]
[Black "Legenia, Artem"]
[Result "1-0"]
[Board "92"]
[TimeControl "180+1"]
[WhiteFideId "742910"]
[BlackFideId "14136945"]
[WhiteElo "2675"]
[BlackElo "2375"]
[WhiteTeam "HUN"]
[BlackTeam "UKR"]
[WhiteClock "0:00:07"]
[BlackClock "0:01:08"]

1. e4 c6 2. d4 d5 3. exd5 cxd5 4. c4 Nf6 5. Nc3 e6 6. Nf3 dxc4 7. Bxc4 a6 8. O-O b5 9. Bb3 Bb7 10. Re1 Be7 11. Bg5 O-O 12. Qe2 Qb6 13. d5 b4 14. dxe6 bxc3 15. exf7+ Kh8 16. Qxe7 Nc6 17. Qxf6 cxb2 18. Qxb2 Na5 19. Re6 Qb4 20. Bd2 Qg4 21. h3 Qh5 22. Re5 Qg6 23. Rxa5 Bxf3 24. Rg5 Qf6 25. Qxf6 gxf6 26. Rg8+ Rxg8 27. fxg8=Q+ Rxg8 28. Bxg8 Kxg8 29. gxf3 1-0

[Event "January 2 Early 2024"]
[Site "https://www.chess.com"]
[Date "2024.01.02"]
[Round "4"]
[White "Evdokimov, Alexey"]
[Black "Injac, Teodora"]
[Result "0-1"]
[Board "93"]
[TimeControl "180+1"]
[WhiteFideId "24162450"]
[BlackFideId "932400"]
[WhiteElo "2369"]
[BlackElo "2665"]
[WhiteTeam "RUS"]
[BlackTeam "SRB"]
[WhiteClock "0:00:02"]
[BlackClock "0:00:16"]

1. Nf3 Nf6 2. c4 e6 3. d4 b6 4. a3 Bb7 5. Nc3 d5 6. Bg5 Be7 7. e3 h6 8. Bxf6 Bxf6 9. cxd5 exd5 10. Bb5+ c6 11. Bd3 Nd7 12. O-O O-O 13. Rc1 Re8 14. Bb1 g6 15. Ne2 Nf8 16. Nf4 Rc8 17. Qa4 a5 18. Rfd1 Ne6 19. Ne5 Nxf4 20. exf4 c5 21. Qb5 cxd4 22. Rxc8 Qxc8 23. Qxb6 Re6 24. Qxd4 Be7 25. h3 Bc5 26. Qd2 Qc7 27. Rc1 Qe7 28. Qxa5 Bd6 29. Qd2 Bxe5 30. fxe5 Rxe5 31. Bd3 Kh7 32. Qf4 Kg7 33. Kh2 Qd6 34. Re1 f6 35. Rxe5 fxe5 36. Qg3 d4 37. f3 h5 38. Be4 Ba6 39. b4 d3 40. Qe1 d2 41. Qd1 Be2 42. Qxe2 d1=Q 43. Qf2 Q1d4 44. Qg3 Qf6 45. Qe1 Qf4+ 46. Kh1 h4 47. b5 Qde3 48. Qxe3 Qxe3 49. b6 Qxb6 50. Bd3 Qa5 51. Be4 Qxa3 52. Kh2 Qe7 53. Kh1 Qf6 54. Kg1 Qf4 55. Kf2 Kf6 56. Ke2 Qg3 57. Kf1 Ke7 58. Bd5 Kd6 59. Be4 Kc5 60. f4 Qxf4+ 0-1

[Event "January 2 Early 2024"]
[Site "https://www.chess.com"]
[Date "2024.01.02"]
[Round "4"]
[White "Spata, German"]
[Black "Gajwa Ankit"]
[Result "0-1"]
[Board "94"]
[TimeControl "180+1"]
[WhiteFideId "113026"]
[BlackFideId "5077834"]
[WhiteElo "2663"]
[BlackElo "2340"]
[WhiteTeam "ARG"]
[BlackTeam "IND"]
[WhiteClock "0:00:00"]
[BlackClock "0:00:45"]

1. Nf3 Nf6 2. d4 g6 3. Bf4 Bg7 4. e3 O-O 5. h3 c5 6. c3 Qb6 7. Qb3 d6 8. Nbd2 Nc6 9. Be2 Be6 10. Qxb6 axb6 11. a3 Nd5 12. Bg3 cxd4 13. Nxd4 Nxd4 14. exd4 Bh6 15. Nf3 Nf4 16. Bxf4 Bxf4 17. O-O Rfc8 18. Bd3 Bd5 19. Rfe1 Bxf3 20. gxf3 e6 21. Be4 d5 22. Bd3 Kf8 23. Kf1 Ke7 24. Ke2 Kd6 25. Rh1 Re8 26. Bb5 Re7 27. Kd3 f6 28. Rae1 e5 29. Re2 Rc8 30. Rhe1 Re6 31. Kc2 Rc7 32. Rd1 Rce7 33. dxe5+ Rxe5 34. Rxe5 Rxe5 35. c4 Re2+ 36. Kb3 Be5 37. Rxd5+ Ke6 38. Rd8 Rxb2+ 39. Ka4 Rxf2 40. Rd7 Rxf3 41. Rxh7 Bb2 42. Rxb7 Bd4 43. Bd7+ Kd6 44. Kb5 Bc5 45. Bg4 Rxa3 46. Rd7+ Ke5 47. Rd5+ Ke4 48. Rd1 f5 49. Re1+ Kf4 50. Bd1 Rxh3 51. Kc6 Rc3 52. Kd5 Rd3+ 53. Ke6 Re3+ 54. Rxe3 Bxe3 55. Kf6 g5 56. Bc2 g4 57. Bxf5 g3 58. Bh3 Kf3 0-1

[Event "January 2 Early 2024"]
[Site "https://www.chess.com"]
[Date "2024.01.02"]
[Round "4"]
[White "Iskusnyh, Sergei"]
[Black "Poddubnyi, Viktor"]
[Result "1-0"]
[Board "95"]
[TimeControl "180+1"]
[WhiteFideId "4120027"]
[BlackFideId "4141989"]
[WhiteElo "2660"]
[BlackElo "2337"]
[WhiteTeam "RUS"]
[BlackTeam "RUS"]
[WhiteClock "0:01:36"]
[BlackClock "0:00:12"]

1. d4 g6 2. Nf3 Bg7 3. c4 c5 4. g3 cxd4 5. Nxd4 Nc6 6. Nc2 d6 7. Bg2 Be6 8. Ne3 Nf6 9. O-O O-O 10. Nc3 Rc8 11. Bd2 a6 12. Rc1 Qb6 13. b3 Rfd8 14. h3 Nd4 15. Na4 Qa7 16. Ba5 Nc6 17. Bb6 Qb8 18. Bxd8 Rxd8 19. Nb6 Nd7 20. Nxd7 Rxd7 21. Nd5 1-0

[Event "January 2 Early 2024"]
[Site "https://www.chess.com"]
[Date "2024.01.02"]
[Round "4"]
[White "Domingo Nunez, Alejandro"]
[Black "Ivanova, Karina"]
[Result "1-0"]
[Board "96"]
[TimeControl "180+1"]
[WhiteFideId "22245561"]
[BlackFideId "24139750"]
[WhiteElo "2658"]
[BlackElo "2314"]
[WhiteTeam "ESP"]
[BlackTeam "RUS"]
[WhiteClock "0:00:58"]
[BlackClock "0:01:27"]

1. Nf3 Nf6 2. g3 b6 3. Bg2 Bb7 4. O-O c5 5. c4 g6 6. Nc3 Bg7 7. b3 O-O 8. Bb2 d5 9. Ne5 Nc6 10. Nxd5 Nxd5 11. Bxd5 Nxe5 12. Bxb7 Nf3+ 13. Bxf3 Bxb2 14. Rb1 Bg7 15. Bxa8 Qxa8 16. b4 cxb4 17. Rxb4 Qc6 18. Qa4 Qc7 19. d3 Rd8 20. Qb5 h5 21. Rc1 Bd4 22. e3 Bf6 23. d4 h4 24. c5 hxg3 25. hxg3 Kg7 26. Rbc4 bxc5 27. Qxc5 Qb7 28. Qc7 Qd5 29. Rc5 1-0

[Event "January 2 Early 2024"]
[Site "https://www.chess.com"]
[Date "2024.01.02"]
[Round "4"]
[White "Piesik, Piotr"]
[Black "Nechitaylo, Nikita"]
[Result "1-0"]
[Board "97"]
[TimeControl "180+1"]
[WhiteFideId "1136194"]
[BlackFideId "34138161"]
[WhiteElo "2658"]
[BlackElo "2306"]
[WhiteTeam "CZE"]
[BlackTeam "UKR"]
[WhiteClock "0:01:30"]
[BlackClock "0:00:04"]

1. Nf3 c5 2. e4 d6 3. Bb5+ Bd7 4. Bxd7+ Qxd7 5. c4 e5 6. O-O Nc6 7. Nc3 Nf6 8. d3 Be7 9. Bg5 Nh5 10. Be3 O-O 11. Nxe5 dxe5 12. Qxh5 Qxd3 13. Rad1 Qxc4 14. Rd7 g6 15. Qg4 f5 16. Qh3 f4 17. Bc1 Rf7 18. Nd5 Rd8 19. Qe6 Rxd7 20. Nxe7+ Rxe7 21. Qxc4 1-0

[Event "January 2 Early 2024"]
[Site "https://www.chess.com"]
[Date "2024.01.02"]
[Round "4"]
[White "Deveci, Huseyin Said"]
[Black "Tanriverdi, Enes"]
[Result "0-1"]
[Board "98"]
[TimeControl "180+1"]
[WhiteFideId "26322455"]
[BlackFideId "34543279"]
[WhiteElo "2299"]
[BlackElo "2655"]
[WhiteTeam "TUR"]
[BlackTeam "TUR"]
[WhiteClock "0:00:04"]
[BlackClock "0:00:07"]

1. e4 c5 2. Nf3 d6 3. d4 cxd4 4. Nxd4 Nf6 5. Nc3 a6 6. Rg1 e5 7. Nb3 h5 8. h3 h4 9. Bg5 Be7 10. Qf3 Be6 11. O-O-O Nbd7 12. Kb1 Rc8 13. Nd5 Bxd5 14. exd5 Qc7 15. Bd3 Nxd5 16. Qxd5 Bxg5 17. Bf5 Be7 18. f4 Rh5 19. Bxd7+ Qxd7 20. Rge1 Qc6 21. fxe5 Qxd5 22. Rxd5 Rxe5 23. Rexe5 dxe5 24. Rxe5 Kf8 25. c3 Rc6 26. Nd4 Rg6 27. Re2 Bc5 28. Nf5 Rf6 29. Nxh4 Rf1+ 30. Kc2 b5 31. Nf3 a5 32. Ne5 Kg8 33. Nf3 a4 34. a3 f6 35. Nd2 Rg1 36. Ne4 Bf8 37. Ng3 g6 38. Ne4 Kf7 39. Nd2 f5 40. Nf3 Rf1 41. Ne5+ Kg7 42. Nf3 Bc5 43. Kd3 Rb1 44. Kc2 Ra1 45. Re5 Bf8 46. Rxb5 Rf1 47. Rd5 Kf6 48. Rd2 g5 49. Nd4 g4 50. hxg4 fxg4 51. Re2 Bh6 52. Kd3 Rb1 53. Kc4 Bc1 54. Kb4 Bxb2 55. Kxa4 Bxc3 56. Nb5 Bd4 57. Ka5 Be5 58. a4 Kf5 59. Ka6 g3 60. a5 Bf4 61. Nd4+ Kg4 62. Nf3 Ra1 63. Nd4 Bc7 64. Nb3 Ra3 65. Re3 Kf4 66. Rd3 Ra2 67. Kb7 Bxa5 68. Rf3+ Kg4 69. Nxa5 Rxa5 70. Rd3 Ra2 71. Rd4+ Kg5 72. Rd3 Rxg2 73. Kc6 Kg4 74. Kd5 Rf2 75. Ke4 g2 76. Rd1 Rf1 77. Rd2 g1=Q 78. Rh2 Qxh2 0-1

[Event "January 2 Early 2024"]
[Site "https://www.chess.com"]
[Date "2024.01.02"]
[Round "4"]
[White "Fernandez Hernandez, Gerardo"]
[Black "Feuerstack, Aljoscha"]
[Result "0-1"]
[Board "99"]
[TimeControl "180+1"]
[WhiteFideId "2207400"]
[BlackFideId "4681932"]
[WhiteElo "2267"]
[BlackElo "2654"]
[WhiteTeam "ESP"]
[BlackTeam "GER"]
[WhiteClock "0:00:10"]
[BlackClock "0:00:45"]

1. e4 c6 2. d4 d5 3. exd5 cxd5 4. c4 Nf6 5. Nc3 g6 6. Qb3 Bg7 7. cxd5 O-O 8. Be2 Na6 9. Bf3 Nc7 10. Nge2 Qd7 11. Bf4 Rd8 12. d6 exd6 13. O-O Ne6 14. Bg3 Ng5 15. Bd5 Nxd5 16. Nxd5 b6 17. Rac1 Bb7 18. Rfe1 Ne6 19. Bh4 Re8 20. Nf6+ Bxf6 21. Bxf6 Ng7 22. Nf4 Qf5 23. Bxg7 Qxf4 24. g3 Rxe1+ 25. Rxe1 Qd2 26. Qe3 Qxe3 27. Rxe3 Kxg7 28. Re7 Bd5 29. a3 Rc8 30. Rd7 Rc1# 0-1

[Event "January 2 Early 2024"]
[Site "https://www.chess.com"]
[Date "2024.01.02"]
[Round "4"]
[White "Gontcharov, Vladislav"]
[Black "Travadon, Loic"]
[Result "0-1"]
[Board "100"]
[TimeControl "180+1"]
[WhiteFideId "4123492"]
[BlackFideId "26092131"]
[WhiteElo "2652"]
[BlackElo "2256"]
[WhiteTeam "RUS"]
[BlackTeam "FRA"]
[WhiteClock "0:00:00"]
[BlackClock "0:00:07"]

1. e4 e5 2. Nf3 Nc6 3. Bb5 a6 4. Ba4 Nf6 5. d3 b5 6. Bb3 Bc5 7. O-O d6 8. c3 O-O 9. Bg5 h6 10. Bh4 g5 11. Bg3 Bg4 12. h3 Bh5 13. Nbd2 Bb6 14. a4 Re8 15. axb5 axb5 16. Rxa8 Qxa8 17. Qa1 Bg6 18. Nh2 Nh5 19. Kh1 Ne7 20. Ng4 Kg7 21. Bh2 f5 22. Qxa8 Rxa8 23. Ne3 fxe4 24. Nxe4 Nf4 25. Bxf4 gxf4 26. Nd5 Nxd5 27. Bxd5 Ra5 28. Bc6 Ra2 29. Rb1 b4 30. cxb4 Bd4 31. Bd5 Rxb2 32. Rxb2 Bxb2 33. b5 Bd4 34. f3 Be8 35. Bc4 Kg6 36. Kh2 Kf5 37. g4+ fxg3+ 38. Kxg3 Be3 39. Kg2 h5 40. Nc3 h4 41. Nd5 Bb6 42. Kf1 Kg5 43. Kg2 Bg6 44. Ne7 Bf5 45. Nxf5 Kxf5 46. Bd5 Kf4 47. Be4 Ke3 48. Bf5 Kd4 49. Kf2 Kc5 0-1

[Event "January 2 Early 2024"]
[Site "https://www.chess.com"]
[Date "2024.01.02"]
[Round "4"]
[White "Daurimbetov, Azamat"]
[Black "Volkov, Maksim"]
[Result "0-1"]
[Board "101"]
[TimeControl "180+1"]
[WhiteFideId "14201950"]
[BlackFideId "54123070"]
[WhiteElo "2249"]
[BlackElo "2647"]
[WhiteTeam "UZB"]
[BlackTeam "RUS"]
[WhiteClock "0:00:00"]
[BlackClock "0:01:19"]

1. e4 c5 2. Nf3 d6 3. d4 cxd4 4. Qxd4 Nc6 5. Bb5 Bd7 6. Bxc6 Bxc6 7. Nc3 Nf6 8. Bg5 e6 9. O-O-O Be7 10. Kb1 Qa5 11. h4 O-O 12. Qd3 h6 13. Bd2 Qa6 14. Qxa6 bxa6 15. Rhe1 Ng4 16. Nd4 Bb7 17. f3 Ne5 18. Nb3 Bxh4 19. Rh1 Be7 20. Bf4 Nc4 21. g4 Rfc8 22. Rh5 Bf6 23. Bxd6 Bxc3 24. bxc3 Rd8 25. e5 Bxf3 26. Rd4 Rac8 27. Nc5 g6 28. Rxh6 Nxd6 29. Rh3 Bd5 0-1

[Event "January 2 Early 2024"]
[Site "https://www.chess.com"]
[Date "2024.01.02"]
[Round "4"]
[White "Prithu Gupta"]
[Black "Ghosh, Chanchal Kumer"]
[Result "0-1"]
[Board "102"]
[TimeControl "180+1"]
[WhiteFideId "46618546"]
[BlackFideId "10201858"]
[WhiteElo "2545"]
[BlackElo "2053"]
[WhiteTeam "IND"]
[BlackTeam "BAN"]
[WhiteClock "0:00:04"]
[BlackClock "0:00:04"]

1. d4 d5 2. Nf3 e6 3. e3 Nf6 4. Ne5 c5 5. c3 a6 6. Bd3 Nc6 7. f4 Bd6 8. O-O O-O 9. g4 Qc7 10. g5 Ne4 11. Bxe4 dxe4 12. Nd2 cxd4 13. exd4 f5 14. gxf6 gxf6 15. Nxc6 Qxc6 16. Kf2 e5 17. fxe5 fxe5+ 18. Ke3 exd4+ 19. cxd4 Be6 20. Nxe4 Kh8 21. d5 Bc5+ 22. Nxc5 Qxc5+ 23. Qd4+ Qxd4+ 24. Kxd4 Rxf1 25. dxe6 Rc8 26. e7 Rd1+ 27. Ke5 Kg8 28. Ke6 Re1+ 29. Kd7 Ra8 30. Kc7 Kf7 31. Kxb7 Re8 32. Kxa6 R8xe7 33. b4 R7e2 34. Bb2 Rxa1 35. Bxa1 Rxa2+ 0-1

[Event "January 2 Early 2024"]
[Site "https://www.chess.com"]
[Date "2024.01.02"]
[Round "4"]
[White "Tari, Aryan"]
[Black "Ljukin, Sergei"]
[Result "1-0"]
[Board "104"]
[TimeControl "180+1"]
[WhiteFideId "1510045"]
[BlackFideId "14102200"]
[WhiteElo "2928"]
[BlackElo "2527"]
[WhiteTeam "NOR"]
[BlackTeam "UKR"]
[WhiteClock "0:00:28"]
[BlackClock "0:00:03"]

1. e4 e6 2. d4 d5 3. exd5 exd5 4. Nf3 Nf6 5. Bd3 c5 6. O-O Nc6 7. Re1+ Be7 8. dxc5 O-O 9. Be3 Ng4 10. Nbd2 Nxe3 11. Rxe3 Bxc5 12. Re2 Bg4 13. c3 Qb6 14. Qc2 h6 15. h3 Be6 16. Nb3 Bd6 17. Nfd4 Bd7 18. Bh7+ Kh8 19. Bf5 Rad8 20. Bxd7 Rxd7 21. Rae1 a5 22. Qf5 Rdd8 23. a4 Bb8 24. Nb5 Na7 25. N3d4 Nxb5 26. Nxb5 Bd6 27. Rd1 Bb8 28. Red2 Qe6 29. Qf3 Rfe8 30. Kf1 Rd7 31. Nd4 Qg6 32. Qf5 Qxf5 33. Nxf5 Red8 34. Ne3 Bf4 35. Rxd5 Rxd5 36. Rxd5 Rxd5 37. Nxd5 Kg8 38. Nxf4 1-0

[Event "January 2 Early 2024"]
[Site "https://www.chess.com"]
[Date "2024.01.02"]
[Round "4"]
[White "Kukhmazov, Arsen"]
[Black "Yashmetov, Mikhail"]
[Result "1-0"]
[Board "105"]
[TimeControl "180+1"]
[WhiteFideId "24108260"]
[BlackFideId "24198900"]
[WhiteElo "2867"]
[BlackElo "2523"]
[WhiteTeam "FID"]
[BlackTeam "RUS"]
[WhiteClock "0:01:14"]
[BlackClock "0:00:00"]

1. b3 Nf6 2. Bb2 Nc6 3. Nf3 g6 4. g3 Bg7 5. Bg2 O-O 6. O-O d5 7. e3 Qd6 8. d4 Bf5 9. c4 Ne4 10. cxd5 Nb4 11. Na3 Nxd5 12. Nh4 Qa6 13. Nxf5 gxf5 14. Qc2 Rac8 15. Bxe4 Nb4 16. Qc5 fxe4 17. Qxb4 c5 18. Qb5 Qg6 19. Qxb7 Rc6 20. Nc4 cxd4 21. Bxd4 Bxd4 22. exd4 Rf6 23. Qxe7 Qf5 24. Rae1 Re6 25. Qh4 Kh8 26. Ne3 Qa5 27. d5 Re5 28. Qf6+ 1-0

[Event "January 2 Early 2024"]
[Site "https://www.chess.com"]
[Date "2024.01.02"]
[Round "4"]
[White "Kabanov, Nikolai"]
[Black "Harshavardhan G B"]
[Result "0-1"]
[Board "106"]
[TimeControl "180+1"]
[WhiteFideId "4127820"]
[BlackFideId "25059009"]
[WhiteElo "2518"]
[BlackElo "2704"]
[WhiteTeam "RUS"]
[BlackTeam "IND"]
[WhiteClock "0:00:47"]
[BlackClock "0:02:21"]

1. e4 e5 2. Nf3 Nc6 3. Bc4 Nf6 4. d4 exd4 5. e5 d5 6. Bb5 Ne4 7. Nxd4 Bd7 8. Bxc6 bxc6 9. O-O Be7 10. f3 Nc5 11. f4 f5 12. c4 O-O 13. Nc3 Ne4 14. Nxe4 dxe4 15. Be3 c5 16. Nb3 Be6 17. Qc2 Qd7 18. Bxc5 Bxc5+ 19. Nxc5 Qd4+ 20. Qf2 e3 0-1

[Event "January 2 Early 2024"]
[Site "https://www.chess.com"]
[Date "2024.01.02"]
[Round "4"]
[White "Hamitevici, Vladimir"]
[Black "Lehtosaari, Mauri"]
[Result "1-0"]
[Board "107"]
[TimeControl "180+1"]
[WhiteFideId "13902393"]
[BlackFideId "501999"]
[WhiteElo "2669"]
[BlackElo "2511"]
[WhiteTeam "MDA"]
[BlackTeam "FIN"]
[WhiteClock "0:00:07"]
[BlackClock "0:00:08"]

1. a3 d5 2. Nf3 Nf6 3. d3 Bg4 4. Nbd2 Nbd7 5. h3 Bxf3 6. Nxf3 e6 7. g3 c6 8. Bg2 Bc5 9. O-O O-O 10. c3 a5 11. a4 Ba7 12. Bf4 Re8 13. d4 Bb8 14. Qc2 Bxf4 15. gxf4 Nh5 16. e3 f5 17. Kh2 Kh8 18. Rg1 Qf6 19. Bf1 g6 20. Be2 Qf8 21. Rg5 Nhf6 22. Rag1 Ne4 23. R5g2 Qh6 24. Bd3 Re7 25. Ne1 Nef6 26. Rg5 Ng4+ 27. Kg2 Ngf6 28. Nf3 Ne4 29. Bxe4 fxe4 30. Nh2 Nf6 31. Qb3 Qf8 32. Ng4 Nxg4 33. hxg4 Qf6 34. Rh1 Kg7 35. Re5 Rh8 36. g5 Qf7 37. Qb6 Ra8 38. Rh6 Ree8 39. f3 exf3+ 40. Kxf3 Re7 41. Qb3 Ree8 42. Qc2 Rh8 43. e4 Rad8 44. Qe2 Rhe8 45. Qh2 Rh8 46. Qh3 Rde8 47. exd5 cxd5 48. Qg2 Ref8 49. Qg4 Re8 50. Kg3 Re7 51. Re2 Kg8 52. Re5 Kg7 53. Qe2 Kg8 54. Rh1 Kf8 55. Re1 h6 56. Rxe6 Rxe6 57. Qxe6 hxg5 58. fxg5 Qxe6 59. Rxe6 Kf7 60. Rb6 Rh5 61. Rxb7+ Ke6 62. Rb6+ Kf5 63. Rb5 Rxg5+ 64. Kf3 Ke6 65. Rxa5 Rh5 66. Ra6+ Kf5 67. a5 Rh3+ 68. Kg2 Rd3 69. Rb6 Rd2+ 70. Kf3 Rd3+ 71. Ke2 Rh3 72. a6 Rh8 73. b4 g5 74. b5 g4 75. a7 Ra8 76. Rb7 g3 77. Kf3 g2 78. Kxg2 Ke4 79. Rc7 Kd3 80. b6 Rg8+ 81. Kf3 Rf8+ 82. Kg4 Ke4 83. Re7+ Kd3 84. b7 Rg8+ 85. Kf5 1-0

[Event "January 2 Early 2024"]
[Site "https://www.chess.com"]
[Date "2024.01.02"]
[Round "4"]
[White "Skliarov, Viktor"]
[Black "Devaev, Alexander"]
[Result "1/2-1/2"]
[Board "108"]
[TimeControl "180+1"]
[WhiteFideId "14106736"]
[BlackFideId "4169395"]
[WhiteElo "2661"]
[BlackElo "2508"]
[WhiteTeam "UKR"]
[BlackTeam "RUS"]
[WhiteClock "0:00:09"]
[BlackClock "0:00:06"]

1. e4 c6 2. d4 d5 3. e5 Bf5 4. Nf3 e6 5. Be2 Nd7 6. O-O h6 7. a4 a5 8. Nbd2 Ne7 9. Nb3 Bg6 10. Bd2 b6 11. c4 dxc4 12. Bxc4 Nd5 13. Rc1 Bb4 14. Bxd5 cxd5 15. Bxb4 axb4 16. Nbd2 O-O 17. Qb3 Qe7 18. Rc7 Rfc8 19. Rfc1 Rxc7 20. Rxc7 Qd8 21. Rc1 Rc8 22. Rxc8 Qxc8 23. Qxb4 Qc1+ 24. Nf1 Bd3 25. Ne1 Bc4 26. Ne3 Ba6 27. b3 Nb8 28. Nc2 Bd3 29. Qc3 Bxc2 30. h4 Na6 31. Kh2 Qf4+ 32. Kg1 Be4 33. Qc8+ Kh7 34. Qxa6 Qd2 35. Qf1 Qb2 36. f3 Bg6 37. Qf2 Qxb3 38. Qd2 Qxa4 39. g4 h5 40. gxh5 Bxh5 41. Kf2 Qc4 42. Ng2 Qb3 43. Ne3 b5 44. Qc2+ Qxc2+ 45. Nxc2 Bg6 46. Nb4 f6 47. f4 fxe5 48. fxe5 Be8 49. Kg3 Kg6 50. Kg4 Bd7 51. Nd3 Kf7 52. Kg5 Bc6 53. Nb4 Be8 54. h5 Ke7 55. h6 gxh6+ 56. Kxh6 Bd7 57. Kg7 Be8 58. Nd3 Bh5 59. Nb4 Bg4 60. Kg6 Bh3 61. Kg7 Bf5 62. Nc6+ Kd7 63. Nb4 Kc7 64. Kf6 Bh3 65. Ke7 Kb6 66. Kd6 Ka5 67. Kc5 Ka4 68. Nc6 Bf5 69. Nb4 Bg6 70. Nc6 Be8 71. Nb4 Ka5 72. Nd3 Bg6 73. Nb4 Bf5 74. Nc6+ Ka4 75. Nb4 Bg4 76. Nc6 Bh3 77. Nb4 Bf5 78. Nc6 Bg4 79. Nb4 Bh5 80. Nc6 Bf7 81. Nb4 Be8 82. Nd3 Ka3 83. Nb4 Ka4 84. Nd3 Kb3 85. Nb4 Kc3 86. Na6 Kd3 87. Nb4+ Ke4 88. Na6 Kd3 89. Nb4+ Kc3 90. Na6 Kb3 91. Nb4 Ka4 1/2-1/2

[Event "January 2 Early 2024"]
[Site "https://www.chess.com"]
[Date "2024.01.02"]
[Round "4"]
[White "Hansen, Sune Berg"]
[Black "Ortega Amarelle, Mariano"]
[Result "1-0"]
[Board "109"]
[TimeControl "180+1"]
[WhiteFideId "1400266"]
[BlackFideId "3504301"]
[WhiteElo "2652"]
[BlackElo "2497"]
[WhiteTeam "DEN"]
[BlackTeam "CPV"]
[WhiteClock "0:01:08"]
[BlackClock "0:00:45"]

1. d4 d5 2. c4 c6 3. Nf3 Nf6 4. Qb3 e6 5. Bg5 Nbd7 6. e3 Bd6 7. Nc3 O-O 8. Rd1 b6 9. cxd5 cxd5 10. Nb5 Be7 11. Bd3 a6 12. Nc3 b5 13. O-O Nb6 14. Ne5 Bb7 15. a4 bxa4 16. Nxa4 Nxa4 17. Qxb7 Rb8 18. Qxa6 Nxb2 19. Nc6 Qc7 20. Bf4 Bd6 21. Bxd6 Qxd6 22. Nxb8 Qxb8 23. Rb1 Qb4 24. Qb5 Qxb5 25. Bxb5 Nc4 26. Bxc4 dxc4 27. Rfc1 1-0

[Event "January 2 Early 2024"]
[Site "https://www.chess.com"]
[Date "2024.01.02"]
[Round "4"]
[White "Lizak, Peter"]
[Black "Fiedorek, Michal"]
[Result "0-1"]
[Board "110"]
[TimeControl "180+1"]
[WhiteFideId "731595"]
[BlackFideId "1199528"]
[WhiteElo "2646"]
[BlackElo "2483"]
[WhiteTeam "HUN"]
[BlackTeam "POL"]
[WhiteClock "0:01:01"]
[BlackClock "0:01:16"]

1. d4 Nf6 2. Nc3 d5 3. Bf4 g6 4. e3 Bg7 5. h4 h5 6. Nf3 Bg4 7. Qd2 Bxf3 8. gxf3 O-O 9. e4 c6 10. e5 Nfd7 11. Rg1 e6 12. Bg5 Qb6 13. O-O-O c5 14. f4 cxd4 15. Ne2 Nc6 16. Kb1 Nc5 17. Nxd4 Ne4 18. Qe3 Nxd4 19. Rxd4 Rfc8 20. f3 Nc3+ 21. Ka1 Nd1 22. Qc1 Qxd4 23. Bd3 Nxb2 0-1

[Event "January 2 Early 2024"]
[Site "https://www.chess.com"]
[Date "2024.01.02"]
[Round "4"]
[White "Papasimakopoulos, Alexandros"]
[Black "Sanchez Alvares, Kelvin Antonio"]
[Result "1-0"]
[Board "111"]
[TimeControl "180+1"]
[WhiteFideId "4244125"]
[BlackFideId "3906680"]
[WhiteElo "2638"]
[BlackElo "2467"]
[WhiteTeam "GRE"]
[BlackTeam "VEN"]
[WhiteClock "0:01:48"]
[BlackClock "0:01:01"]

1. d4 Nf6 2. c4 e6 3. Nc3 Bb4 4. Qb3 c5 5. dxc5 Na6 6. a3 Bxc5 7. Nf3 O-O 8. Bg5 h6 9. Bh4 Be7 10. e3 Nc5 11. Qc2 b6 12. b4 Na6 13. Be2 Bb7 14. O-O Nc7 15. e4 d6 16. Rfd1 Nd7 17. Bg3 e5 18. Rac1 Rc8 19. Qa4 Nf6 20. Nxe5 Nxe4 21. Nxe4 Bxe4 22. Nc6 Bxc6 23. Qxc6 Ne8 24. Qa4 a5 25. bxa5 bxa5 26. c5 d5 27. c6 Nf6 28. c7 Qe8 29. Bb5 1-0

[Event "January 2 Early 2024"]
[Site "https://www.chess.com"]
[Date "2024.01.02"]
[Round "4"]
[White "Vallejo Diaz, Javier"]
[Black "Zavgorodniy, Sergiy"]
[Result "1-0"]
[Board "112"]
[TimeControl "180+1"]
[WhiteFideId "2256398"]
[BlackFideId "14110148"]
[WhiteElo "2453"]
[BlackElo "2630"]
[WhiteTeam "ESP"]
[BlackTeam "UKR"]
[WhiteClock "0:00:11"]
[BlackClock "0:00:01"]

1. e4 e5 2. Nf3 d6 3. Bc4 Be7 4. d3 Nf6 5. h3 O-O 6. c3 c6 7. Bb3 d5 8. Nbd2 Bc5 9. O-O dxe4 10. dxe4 Qc7 11. Qe2 a5 12. Nc4 a4 13. Bc2 Nbd7 14. Bg5 Re8 15. Rad1 Nh5 16. Nh4 Ng3 17. Qf3 Nxf1 18. Kxf1 f6 19. Bc1 Nf8 20. b4 axb3 21. Bxb3 Be6 22. Nf5 b5 23. Nce3 Bxb3 24. axb3 Red8 25. Re1 Ra1 26. Qg3 Bxe3 27. Bxe3 Rxe1+ 28. Kxe1 Qd7 29. f3 Ne6 30. Kf2 Ra8 31. Kg1 Kh8 32. Kh2 g6 33. Nh6 Qd3 34. Bf2 Nf4 35. Qh4 Kg7 36. Ng4 Nh5 37. Bg3 Ra2 38. Nxf6 Nxf6 39. Bxe5 Qxf3 40. Qg5 Kf7 41. Bxf6 Qxf6 42. Qe3 Qe5+ 43. Kg1 Ra1+ 44. Kf2 Ra2+ 45. Kg1 Ra1+ 46. Kf2 Qf6+ 47. Ke2 Kg7 48. Kd3 Ra2 49. e5 Ra1 50. Kd4 Qe6 51. Kc5 Rd1 52. Kb6 Rd5 53. Qf4 Rxe5 54. Qd4 Qd5 55. Qf2 Re7 56. b4 c5 57. bxc5 Rb7+ 58. Ka5 Qc6 59. Kb4 Ra7 60. Qd4+ Kf7 61. Qf4+ Kg7 62. Qd4+ Kg8 63. Qd8+ Kf7 64. Qd4 Ke7 65. Qg7+ Ke6 66. Qxa7 1-0

[Event "January 2 Early 2024"]
[Site "https://www.chess.com"]
[Date "2024.01.02"]
[Round "4"]
[White "Mohammadi, Melika"]
[Black "Sipila, Vilka"]
[Result "0-1"]
[Board "113"]
[TimeControl "180+1"]
[WhiteFideId "42529271"]
[BlackFideId "505455"]
[WhiteElo "2453"]
[BlackElo "2625"]
[WhiteTeam "IRI"]
[BlackTeam "FIN"]
[WhiteClock "0:00:01"]
[BlackClock "0:00:50"]

1. e4 c5 2. Nf3 e6 3. d4 cxd4 4. Nxd4 Nf6 5. Nc3 Nc6 6. Ndb5 Bc5 7. Bf4 O-O 8. Bc7 Qe7 9. Bd6 Bxd6 10. Qxd6 Qd8 11. Nc7 Rb8 12. Be2 b5 13. e5 Ne8 14. Nxe8 Rxe8 15. O-O b4 16. Ne4 Bb7 17. Nc5 Ne7 18. Qxd7 Qxd7 19. Nxd7 Rbc8 20. a3 Red8 21. Rfd1 Nd5 22. Bb5 Bc6 23. Ba6 Bxd7 24. Bxc8 Rxc8 25. axb4 Rxc2 26. Rxa7 Be8 27. Ra8 Kf8 28. h3 Rxb2 29. Rc1 Ke7 30. Rcc8 Bd7 31. Rh8 Rxb4 32. Rxh7 g6 33. Rg8 Re4 34. Rxg6 Rxe5 35. Rg3 Re1+ 36. Kh2 Re2 37. Rf3 Nf6 38. Rh6 Ne4 39. Rh8 Nxf2 40. Rg8 Bc6 41. Rf4 Nd3 42. Rf1 Ne1 43. Kg1 Nxg2 44. Rf2 Re1+ 45. Rf1 Re3 46. Rxg2 Bxg2 47. Kxg2 f5 48. h4 Kf6 49. Rh1 Kg6 50. h5+ Kh6 51. Kf2 f4 52. Rh4 e5 53. Rh1 Rg3 54. Re1 Rg5 55. Kf3 Kxh5 56. Ke4 Kg6 57. Ra1 Rf5 58. Rg1+ Kf6 59. Ra1 f3 60. Rf1 f2 61. Ke3 Kg5 62. Rxf2 Rxf2 63. Kxf2 Kf4 64. Ke2 Ke4 65. Ke1 Ke3 66. Kf1 Kd2 67. Kf2 e4 0-1